 Dungeon Crawl Stone Soup version 0.22-a0-40-g3d2f077 (webtiles) character file.

66 4thArraOfDagon the Grave Robber (level 3, -6/28 HPs)
             Began as a Deep Dwarf Necromancer on Jan 4, 2018.
             Was an Initiate of Makhleb.
             Mangled by a centaur (8 damage)
             ... on level 5 of the Dungeon.
             The game lasted 00:06:08 (1240 turns).

4thArraOfDagon the Grave Robber (DDNe)              Turns: 1240, Time: 00:06:09

Health: -6/28      AC:  3    Str: 11    XL:     3   Next: 96%
Magic:  1/6        EV: 12    Int: 16    God:    Makhleb [......]
Gold:   66         SH:  0    Dex: 13    Spells: 2/6 levels left

rFire    . . .     SeeInvis .   i - +0 rapier
rCold    . . .     Gourm    .   (no shield)
rNeg     . . .     Faith    .   a - +0 robe
rPois    .         Spirit   .   (no helmet)
rElec    .         Reflect  .   (no cloak)
rCorr    .         Harm     .   (no gloves)
MR       .....                  f - +0 pair of boots
Stlth    ++........             (no amulet)
HPRegen  0.00/turn              (no ring)
MPRegen  0.10/turn              (no ring)

@: non-regenerating
A: damage resistance, heal wounds, sense surroundings 1, no regeneration
a: Heal Wounds, Renounce Religion


You were on level 5 of the Dungeon.
You worshipped Makhleb.
Makhleb was noncommittal.
You were hungry.

You visited 2 branches of the dungeon, and saw 7 of its levels.

You collected 66 gold pieces.

Inventory:

Hand Weapons
 d - a +0 whip
 i - a +0 rapier (weapon)
 l - a +0 war axe
Armour
 a - a +0 robe (worn)
 f - a +0 pair of boots (worn)
Wands
 k - a wand of digging (12)
Scrolls
 g - 4 scrolls of enchant weapon {unknown}
 j - 3 scrolls of identify {unknown}
 m - a scroll of summoning {unknown}
Potions
 e - 2 potions of brilliance
 h - a potion of curing {unknown}
Books
 b - a book of Necromancy

   Spells                             Type                      Level
   a - Pain                           Necromancy                   1
   b - Animate Skeleton               Necromancy                   1
   c - Vampiric Draining              Necromancy                   3
   d - Regeneration                   Charms/Necromancy            3
   e - Animate Dead                   Necromancy                   4
   f - Borgnjor's Vile Clutch         Necromancy/Earth             5
Comestibles
 c - 5 rations


   Skills:
 - Level 2.1 Dodging
 - Level 2.4 Stealth
 - Level 2.0 Spellcasting
 * Level 6.0 Necromancy


You had 2 spell levels left.
You knew the following spells:

 Your Spells              Type           Power        Failure   Level  Hunger
a - Pain                  Necr           ###.         1%          1    #......
b - Vampiric Draining     Necr           ###.......   5%          3    ###....


Dungeon Overview and Level Annotations

Branches:
Dungeon (6/15)             Temple (1/1) D:4

Altars:
Ashenzari
Cheibriados
Fedhas
Gozag
Kikubaaqudgha
Makhleb
Nemelex Xobeh
Okawaru
Qazlal
Ru
Uskayaw
Wu Jian
Yredelemnul
Zin


Innate Abilities, Weirdness & Mutations

You are resistant to damage.
You can heal yourself by infusing magical energy.
You passively map a small area around you.
You do not regenerate.


Message History

You closely miss the centaur.
The centaur is almost dead.
The centaur closely misses you.
You hit the centaur but do no damage.
The centaur is almost dead.
The centaur hits you! The centaur hits you.
* * * LOW HITPOINT WARNING * * *
You hit the centaur but do no damage.
The centaur is almost dead.
The centaur closely misses you. The centaur barely misses you.
Unknown command.
You hit the centaur but do no damage.
The centaur is almost dead.
The centaur hits you!
* * * LOW HITPOINT WARNING * * *
The centaur barely misses you.
Unknown command.
Unknown command.
You fail to use your ability.
The centaur hits you!
You die...

.#####.##.# , , #...##.##.#
#.....$. * .h..##.##.#
#...... ,
.P........######.....,,, ,
.≈≈.................# * ,
..P..#....######....# ,,
....+##...# #....#
⌠..##_##.## #c##.# ....##
..#######@##.#####..#
.....#.....................#
#......#.######............
##.###.#.# #.######.#>.# .#
#.#.# #.# ....# .# #.#.###
#.# #..# ##.#
#.....####.########..# ...#
#..#.................# ####
##...[.....########..#


You could see a centaur.

Vanquished Creatures
  A worker ant (D:5)
  An adder skeleton (D:5)
  A dart slug (D:1)
  2 leopard geckos
  2 orcs
  2 ball pythons (D:2)
  6 bats
  6 goblins
  2 hobgoblins
  A quokka (D:2)
  A frilled lizard (D:2)
  2 kobolds
  5 rats
32 creatures vanquished.

Notes
Turn   | Place    | Note
-------+----------+-------------------------------------------
     0 | D:1      | 4thArraOfDagon the Deep Dwarf Necromancer began the quest for the Orb.
     0 | D:1      | Reached XP level 1. HP: 15/15 MP: 3/3
   193 | D:1      | Reached XP level 2. HP: 13/22 MP: 0/5
   314 | D:2      | Reached skill level 5 in Necromancy
   591 | D:3      | Found a blossoming altar of Fedhas.
   627 | D:3      | Reached XP level 3. HP: 14/28 MP: 2/6
   632 | D:3      | Learned a level 3 spell: Vampiric Draining
   748 | D:5      | Entered Level 5 of the Dungeon
   748 | D:5      | Found a stormy altar of Qazlal.
   748 | D:5      | Noticed an earth elemental
   754 | D:4      | Found a staircase to the Ecumenical Temple.
   762 | Temple   | Entered the Ecumenical Temple
   780 | Temple   | Became a worshipper of Makhleb the Destroyer
   895 | D:5      | Noticed an air elemental
   896 | D:5      | Noticed a water elemental
   896 | D:5      | Noticed a fire elemental
  1084 | D:5      | Reached skill level 6 in Necromancy
  1108 | D:5      | Noticed a centaur
  1240 | D:5      | Mangled by a centaur

Vault maps used:
D:1:      mainiacjoe_arrival_reflecting_pool
D:2:      lemuel_blue_sif_altar, tgw_xom
D:3:      nicolae_overflow_crystal_walls, grunt_dithmenos_smoke_and_mirrors,
          first_ration, uniq_terence
D:4:      kennysheep_mini_moat, minmay_temple_entry_from_below_b, uniq_robin
D:5:      tso_oasis_becter, nicolae_qazlal_style_of_elements,
          minmay_strange_pillars, minivault_4
D:6:      lemuel_round_altar, small_statue_intersection
Temple:   nicolae_temple_great_sept

Skill      XL: |  1  2  3 |
---------------+----------+-----
Spellcasting   | 2 |  2.0
Necromancy     | 5 6 |  6.0
Dodging        | |  2.1
Stealth        | |  2.4

Action                   || total
-------------------------++-------
Melee: Whip              ||    17
       Rapier            ||    13
 Cast: Pain              ||    40
       Vampiric Draining ||     9
 Abil: Heal Wounds       ||     1
  Use: Potion            ||     2
 Stab: Sleeping          ||     1
  Eat: Chunk             ||     2
Armor: Robe              ||    21
Dodge: Dodged            ||    56

Table legend:
 A = Spawn XP
 B = Non-spawn XP
 C = Spawn XP percentage of total XP
 D = Spawn monster count
 E = Non-spawn monster count
 F = Spawn count percentage of total count
 G = Total turns spent on level
                    A         B        C        D         E        F      G
               +---------+---------+-------+---------+---------+-------+---------
         Total |       0 |      95 |   0.0 |       0 |      32 |   0.0 |  1240
               +---------+---------+-------+---------+---------+-------+---------
           D:1 |       0 |      19 |   0.0 |       0 |      11 |   0.0 |   262
           D:2 |       0 |      14 |   0.0 |       0 |      10 |   0.0 |   255
           D:3 |       0 |      12 |   0.0 |       0 |       6 |   0.0 |   127
           D:4 |       0 |       3 |   0.0 |       0 |       1 |   0.0 |   180
           D:5 |       0 |      47 |   0.0 |       0 |       4 |   0.0 |   284
               +---------+---------+-------+---------+---------+-------+---------
